Map: Sueño eterno EE

Players

ArtVandelay

  • Race: Protoss Protoss
  • League: Diamond
  • Spawn Location: 1:00

ZON - Winner!

  • Race: Protoss Protoss
  • League: Diamond
  • Spawn Location: 7:00

VOD

Have the link to the VOD?

Description

Time

  • Played on: May 26, 2020, 12:05 a.m.
  • Length: 17:41
Show
View Real Time Build Order
Export as new Build Order

ArtVandelay Protoss 

Build Orders:  

Get SALT Encoding   

  12  0:01  Probe  
  13  0:13  Probe  
  14  0:17  Pylon  
  14  0:25  Probe (Chrono Boost)  
  15  0:37  Probe (Chrono Boost)  
  15  0:40  Gateway  
  16  0:44  Probe (Chrono Boost)  
  16  0:46  Assimilator  
  17  0:51  Probe  
  17  0:56  Assimilator  
  18  1:03  Probe (Chrono Boost)  
  19  1:13  Probe (Chrono Boost), Gateway  
  19  1:18  Probe (Chrono Boost)  
  21  1:30  Probe  
  22  1:33  Cybernetics Core  
  22  1:38  Pylon  
  22  1:42  Probe  
  23  1:57  Probe  
  24  2:09  Probe, Stalker x2  
  24  2:10  Warp Gate  
  29  2:18  Pylon  
  29  2:21  Probe  
  30  2:29  Pylon  
  30  2:33  Probe  
  30  2:36  Robotics Facility  
  31  2:47  Pylon  
  31  2:50  Sentry  
  33  2:51  Stalker  
  35  3:05  Probe  
  33  3:17  Probe  
  34  3:29  Probe  
  34  3:30  Immortal  
  39  3:35  Shield Battery  
  39  3:56  Nexus  
  39  4:04  Stalker  
  41  4:12  Stalker  
  43  4:18  Pylon  
  43  4:27  Probe  
  45  4:31  Observer  
  45  4:37  Shield Battery  
  45  4:39  Probe (Chrono Boost)  
  46  4:50  Probe (Chrono Boost)  
  46  4:55  Probe (Chrono Boost)  
  47  5:06  Probe  
  44  5:18  Probe  
  44  5:25  Probe  
  42  5:31  Probe  
  43  5:37  Probe  
  43  5:38  Stalker x2  
  48  5:43  Probe  
  48  5:47  Probe  
  48  5:49  Observer (Chrono Boost)  
  51  5:51  Probe  
  51  5:55  Probe  
  52  5:59  Probe  
  52  6:03  Probe, Gateway  
  54  6:06  Immortal  
  54  6:09  Probe  
  60  6:15  Probe, Stalker  
  63  6:21  Probe  
  63  6:22  Stalker  
  66  6:27  Probe  
  66  6:32  Pylon  
  67  6:33  Probe  
  69  6:40  Probe, Assimilator  
  69  6:42  Assimilator  
  69  6:45  Probe  
  70  6:50  Pylon, Immortal (Chrono Boost)  
  70  6:52  Probe  
  75  6:57  Probe  
  75  7:01  Zealot  
  78  7:07  Forge  
  79  7:08  Probe  
  79  7:10  Forge  
  79  7:27  Observer (Chrono Boost)  
  80  7:32  Pylon  
  80  7:34  Stalker x2  
  84  7:37  Gateway x2, Stalker  
  84  7:41  Protoss Ground Weapons Level 1  
  86  7:48  Photon Cannon  
  86  7:58  Sentry x2  
  90  8:00  Zealot  
  90  8:05  Shield Battery  
  92  8:09  Shield Battery  
  92  8:15  Protoss Ground Armor Level 1  
  92  8:21  Pylon  
  92  8:24  Pylon  
  92  8:37  Pylon  
  92  8:39  Immortal  
  96  8:44  Stalker x4  
  104  8:48  Stalker  
  106  9:03  Nexus  
  106  9:10  Twilight Council  
  106  9:39  Zealot x4  
  106  9:40  Zealot  
  116  9:50  Photon Cannon  
  116  9:51  Probe x2  
  116  9:52  Photon Cannon  
  118  9:57  Pylon  
  118  9:59  Pylon  
  118  10:03  Probe  
  118  10:06  Zealot  
  118  10:07  Zealot x3  
  102  10:15  Zealot  
  88  10:34  Warp Prism (Chrono Boost)  
  88  10:38  Templar Archives  
  90  10:43  Stalker  
  90  10:44  Stalker x3  
  90  10:46  Probe (Chrono Boost)  
  99  10:56  Probe (Chrono Boost), Gateway  
  100  10:59  Gateway  
  98  11:18  Protoss Ground Weapons Level 2 (Chrono Boost), High Templar x3  
  98  11:19  Protoss Ground Armor Level 2 (Chrono Boost), High Templar  
  98  11:20  Zealot  
  108  11:26  Probe x2, Assimilator  
  108  11:27  Probe  
  108  11:30  Assimilator  
  111  11:34  Shield Battery  
  111  11:37  Shield Battery  
  111  11:38  Probe x2  
  113  11:40  Robotics Bay  
  113  11:46  Archon  
  113  11:47  Archon  
  113  11:55  Stalker x4  
  113  11:56  Stalker  
  113  12:00  Probe (Chrono Boost)  
  126  12:05  Probe x2 (Chrono Boost)  
  126  12:09  Sentry  
  126  12:10  Probe (Chrono Boost), Zealot  
  126  12:13  Probe x2 (Chrono Boost)  
  126  12:14  Probe (Chrono Boost)  
  134  12:29  Extended Thermal Lance  
  134  12:37  Pylon  
  134  12:39  Pylon  
  134  12:41  High Templar x2  
  134  12:42  Pylon, High Templar x2  
  134  12:43  Pylon, High Templar  
  134  12:44  High Templar  
  146  12:45  Zealot  
  146  12:47  Archon  
  146  12:48  Archon x2  
  148  12:52  Pylon  
  148  13:10  Nexus  
  148  13:12  Pylon  
  148  13:13  Zealot x2  
  148  13:14  Zealot x2  
  148  13:15  Zealot  
  158  13:20  Pylon  
  158  13:32  Zealot  
  158  13:33  Zealot x2  
  158  13:34  Zealot x3  
  115  13:55  High Templar x3  
  115  13:56  High Templar x3  
  115  13:57  Zealot  
  115  14:00  Archon x3  
  89  14:22  Zealot  
  83  14:35  Zealot  
  83  14:36  Zealot  
  81  14:44  Zealot  
  77  15:06  Probe (Chrono Boost)  
  80  15:11  Probe x2 (Chrono Boost), Nexus  
  80  15:14  Pylon  
  80  15:16  Probe (Chrono Boost)  
  80  15:19  Probe (Chrono Boost)  
  80  15:20  Probe (Chrono Boost), Immortal  
  80  15:21  Probe (Chrono Boost)  
  83  15:23  Nexus  
  83  15:25  Unknown  
  84  15:30  Probe x2  
  84  15:34  Pylon  
  86  15:39  Pylon  
  86  15:42  Probe x2  
  88  15:46  High Templar  
  88  15:47  High Templar  
  92  15:54  Assimilator  
  92  15:56  High Templar  
  94  15:57  High Templar x2  
  94  15:58  High Templar  
  94  15:59  Assimilator  
  94  16:00  Archon  
  94  16:01  Pylon  
  100  16:05  Archon  
  100  16:07  Archon  
  100  16:15  Probe x2 (Chrono Boost)  
  103  16:20  Probe (Chrono Boost)  
  103  16:23  Photon Cannon  
  103  16:25  Probe (Chrono Boost)  
  104  16:26  Sentry x2  
  104  16:27  Photon Cannon  
  108  16:37  Colossus (Chrono Boost)  
  108  16:46  High Templar x2  
  118  16:49  High Templar  
  118  16:51  High Templar  
  118  16:54  Probe x2 (Chrono Boost)  
  124  16:55  Probe (Chrono Boost)  
  124  16:56  Archon x2  
  124  16:57  Probe (Chrono Boost)  
  126  17:06  Probe x2 (Chrono Boost)  
  126  17:07  Probe (Chrono Boost)  
  130  17:09  Zealot x2  
  130  17:10  Zealot  
  130  17:11  Probe (Chrono Boost)  
  130  17:12  Probe x2 (Chrono Boost)  
  132  17:20  Zealot x2  
  123  17:25  Zealot x2  
  113  17:32  Zealot x3  
Show
View Real Time Build Order
Export as new Build Order

ZON Protoss - Winner!

Build Orders: Archon Immortal 

Get SALT Encoding   

  12  0:00  Probe  
  13  0:13  Probe  
  14  0:17  Pylon  
  14  0:25  Probe  
  15  0:37  Probe (Chrono Boost)  
  15  0:38  Gateway  
  15  0:42  Assimilator  
  16  0:49  Probe (Chrono Boost)  
  18  0:57  Probe (Chrono Boost)  
  18  0:58  Assimilator  
  18  1:03  Probe  
  18  1:09  Gateway  
  19  1:15  Probe  
  20  1:26  Cybernetics Core  
  20  1:27  Probe  
  21  1:39  Probe  
  22  1:43  Pylon  
  22  1:51  Probe  
  23  2:03  Adept x2 (Chrono Boost)  
  23  2:04  Probe  
  28  2:09  Warp Gate  
  28  2:16  Probe  
  28  2:17  Twilight Council  
  29  2:35  Pylon, Adept  
  31  2:53  Probe, Pylon, Adept  
  32  3:10  Resonating Glaives (Chrono Boost)  
  32  3:11  Probe  
  31  3:16  Adept  
  33  3:20  Gateway  
  33  3:23  Gateway  
  33  3:26  Adept  
  35  3:41  Nexus  
  35  3:57  Pylon  
  35  3:58  Adept  
  37  4:07  Sentry  
  39  4:13  Robotics Facility  
  39  4:25  Probe  
  39  4:26  Stalker x2, Sentry  
  46  4:35  Pylon  
  46  4:37  Probe  
  45  5:07  Probe (Chrono Boost), Immortal (Chrono Boost)  
  51  5:15  Probe (Chrono Boost)  
  51  5:17  Probe (Chrono Boost)  
  50  5:22  Probe (Chrono Boost)  
  50  5:27  Probe  
  50  5:34  Probe  
  49  5:44  Probe  
  49  5:45  Immortal (Chrono Boost)  
  49  5:46  Probe  
  53  5:50  Templar Archives  
  53  5:55  Gateway  
  53  5:57  Pylon  
  53  5:58  Probe  
  54  6:06  Stalker  
  54  6:07  Stalker  
  54  6:08  Charge  
  54  6:10  Probe  
  59  6:21  Immortal (Chrono Boost)  
  59  6:22  Probe  
  64  6:31  Pylon  
  64  6:32  Probe  
  65  6:33  Stalker  
  65  6:34  Probe  
  68  6:46  Probe  
  69  6:48  Assimilator  
  69  6:49  Assimilator  
  69  6:54  Observer  
  71  7:01  Probe (Chrono Boost)  
  71  7:11  Probe (Chrono Boost)  
  71  7:15  Probe (Chrono Boost)  
  73  7:16  Probe (Chrono Boost)  
  74  7:27  Probe  
  75  7:31  Nexus  
  75  7:32  Immortal (Chrono Boost)  
  79  7:39  Probe  
  79  7:40  Observer  
  79  7:43  Forge  
  79  7:44  Forge, Zealot  
  82  7:48  Pylon  
  82  7:52  Probe  
  82  7:57  Shield Battery  
  83  8:09  Observer (Chrono Boost)  
  83  8:10  High Templar  
  83  8:11  High Templar x2  
  90  8:13  High Templar  
  90  8:19  Archon x2  
  92  8:23  Assimilator  
  92  8:25  Assimilator  
  92  8:32  Stalker  
  94  8:44  Gateway  
  94  8:46  Gateway  
  94  8:49  Gateway  
  94  8:51  Probe (Chrono Boost)  
  94  8:53  Gateway  
  94  8:54  Observer  
  96  9:00  Probe (Chrono Boost)  
  97  9:05  Probe (Chrono Boost)  
  97  9:07  Stalker x2  
  102  9:17  Probe  
  102  9:22  Zealot  
  102  9:23  Zealot x2  
  109  9:31  Probe  
  108  9:37  Pylon  
  106  9:39  Nexus, Pylon  
  106  9:42  Pylon x2  
  99  10:08  Gateway  
  99  10:10  Gateway  
  73  10:28  Zealot  
  73  10:29  Observer, Immortal (Chrono Boost), Zealot x5  
  73  10:30  Zealot x3  
  92  10:53  Sentry x3  
  92  10:54  High Templar  
  92  10:55  High Templar x3  
  105  11:02  Archon x2  
  105  11:08  Sentry x2  
  109  11:15  Immortal (Chrono Boost)  
  109  11:17  Sentry  
  115  11:25  Sentry  
  115  11:27  Zealot x4  
  115  11:28  Pylon  
  115  11:31  Assimilator  
  125  11:36  Assimilator  
  125  11:46  Probe  
  126  11:48  Robotics Bay  
  126  11:55  Forge  
  126  11:57  Forge  
  126  11:58  Probe (Chrono Boost)  
  127  12:04  Zealot x3  
  133  12:10  Pylon  
  133  12:11  Pylon x2  
  133  12:25  Nexus  
  133  12:27  Protoss Ground Armor Level 1 (Chrono Boost), Protoss Ground Weapons Level 1 (Chrono Boost)  
  133  12:28  Probe  
  134  12:30  Warp Prism (Chrono Boost)  
  134  12:36  High Templar  
  134  12:37  High Templar x3  
  140  12:40  Probe  
  140  12:41  Archon x2  
  145  12:45  Probe  
  145  12:49  Photon Cannon  
  145  12:51  Photon Cannon  
  146  12:52  Probe  
  146  12:54  Photon Cannon, Observer (Chrono Boost)  
  148  13:04  Probe  
  133  13:42  Zealot x4  
  133  13:43  Zealot x6  
  133  13:44  Zealot  
  143  13:52  Nexus  
  143  14:05  Probe  
  136  14:10  Pylon  
  136  14:12  Pylon  
  130  14:17  Probe  
  127  14:29  Probe  
  104  14:45  Zealot x4  
  112  14:52  Probe  
  107  14:55  Protoss Ground Weapons Level 2 (Chrono Boost), Pylon  
  107  14:57  Pylon  
  107  14:58  Pylon  
  105  15:04  Probe  
  105  15:06  Protoss Ground Armor Level 2 (Chrono Boost)  
  104  15:16  High Templar x3  
  104  15:17  High Templar x3  
  104  15:18  Zealot x3  
  122  15:22  Archon x3  
  122  15:23  Disruptor (Chrono Boost)  
  125  15:41  Probe (Chrono Boost)  
  127  15:50  Probe (Chrono Boost)  
  127  15:52  Assimilator  
  127  15:55  Probe (Chrono Boost)  
  127  15:56  Disruptor (Chrono Boost), High Templar x2  
  127  15:57  Zealot x5, Assimilator  
  131  15:58  Zealot  
  131  16:02  Archon  
  147  16:07  Probe  
  148  16:12  Assimilator  
  148  16:15  Observer, Assimilator  
  148  16:18  Zealot x3  
  148  16:19  Zealot  
  148  16:24  Disruptor (Chrono Boost), Shield Battery  
  159  16:27  Shield Battery  
  159  16:33  Sentry x3  
  165  16:43  Disruptor (Chrono Boost)  
  168  16:55  Zealot x5  
  168  16:56  Zealot x2  
  168  16:58  Nexus  
Tags
 
Add a new tag
Caveats
  • Supply blocks, unpowered buildings, or Contaminate may cause inaccurate times.
  • Supply counts are checked every 10 seconds.